 Dungeon Crawl Stone Soup version 0.30.1-9-gdf580d7c3d (webtiles) character file.

Game seed: 8079069841624158005

1278 Xrynn the Covert (level 8, -4/37 HPs)
             Began as a Spriggan Enchanter on Oct 23, 2023.
             Slain by an ice beast (13 damage)
             ... on level 6 of the Dungeon on Oct 24, 2023.
             The game lasted 00:17:49 (5220 turns).

Xrynn the Covert (Spriggan Enchanter)               Turns: 5220, Time: 00:17:49

Health: -4/37      AC:  4    Str:  6    XL:     8   Next: 29%
Magic:  17/17      EV: 20    Int: 16    God:
Gold:   270        SH:  0    Dex: 22    Spells: 15/17 levels left

rFire   + . .        a - +1 dagger
rCold   . . .        (no shield)
rNeg    . . .        b - +0 robe
rPois   .            (helmet restricted)
rElec   .            m - +1 cloak {rCorr}
rCorr   +            (gloves unavailable)
SInv    +            (boots unavailable)
Will    +....        (no amulet)
Stlth   +++++        p - +6 ring of dexterity
HPRegen 0.26/turn    v - ring of protection from fire
MPRegen 0.15/turn

%: no passive effects
@: very quick
A: very small, no large weapons, unfitting armour, see invisible, speed 3
a: no special abilities


You were on level 6 of the Dungeon.
You visited 1 branch of the dungeon, and saw 6 of its levels.

You collected 270 gold pieces.

Inventory:

Hand Weapons
 a - a +1 dagger (weapon)
Missiles
 n - a boomerang of dispersal
 u - 6 boomerangs
 y - 5 atropa-tipped darts
Armour
 b - a +0 robe (worn)
 h - a +0 cloak
 m - a +1 cloak of preservation (worn)
Jewellery
 p - a +6 ring of dexterity (left hand)
 v - a ring of protection from fire (right hand)
Wands
 q - a wand of flame (55) (quivered)
Scrolls
 e - 4 scrolls of identify {unknown}
 f - a scroll of poison {unknown}
 i - a scroll of amnesia {unknown}
 l - 2 scrolls of fog {unknown}
 s - 5 scrolls of teleportation {unknown}
 z - a scroll of torment {unknown}
 A - a scroll of noise {unknown}
Potions
 c - 3 potions of invisibility
 d - 2 potions of might {unknown}
 g - a potion of attraction {unknown}
 j - 2 potions of brilliance {unknown}
 k - 4 potions of haste {unknown}
 o - 2 potions of heal wounds {unknown}
 r - 2 potions of cancellation {unknown}
 t - a potion of flight {unknown}
 w - a potion of mutation {unknown}
 x - a potion of magic {unknown}


   Skills:
 + Level 1.2 Fighting
 + Level 3.6 Short Blades
 + Level 4.1 Dodging
 + Level 10.7 Stealth
 + Level 5.4 Spellcasting
 + Level 5.7 Hexes
 + Level 2.4 Ice Magic


You had 15 spell levels left.
You knew the following spells:

 Your Spells              Type           Power      Damage    Failure   Level
a - Ensorcelled Hibernat  Hex/Ice        34%        N/A       4%          2

Your spell library contained the following spells:

 Spells                   Type           Power      Damage    Failure   Level
 Confusing Touch          Hex            22%        N/A       4%          3
 Tukima's Dance           Hex            22%        N/A       4%          3
 Dazzling Flash           Conj/Hex       26%        N/A       14%         3
 Lesser Beckoning         Tloc           8%         N/A       22%         2
 Gell's Gravitas          Tloc           4%         N/A       41%         3
 Spider Form              Tmut/Pois      4%         N/A       41%         3
 Teleport Other           Tloc           4%         N/A       41%         3
 Anguish                  Hex/Necr       6%         N/A       41%         4
 Animate Dead             Necr           4%         N/A       82%         4
 Haunt                    Necr/Summ      2%         N/A       100%        7
 Infestation              Necr           2%         N/A       100%        8


Dungeon Overview and Level Annotations

Branches:
Dungeon (6/15)
 Temple: D:4-7

Altars:
Qazlal

Shops:
D:5 **


Innate Abilities, Weirdness & Mutations

You are very small and have problems with some larger weapons.
You are too small for most types of armour.
You have supernaturally acute eyesight. (SInv)
You cover ground extremely quickly. (Speed+++)


Message History

Aim: an ice beast (68% to hit)
The puff of flame hits the ice beast but does no damage.
Aiming: Throw Flame
Press: ? - help, Q - select action, (/) - cycle Shift-Dir - straight line, f/p - ice beast
Aim: an ice beast (68% to hit)
The puff of flame misses the ice beast.
Aiming: Throw Flame
Press: ? - help, Q - select action, (/) - cycle Shift-Dir - straight line, f/p - ice beast
Aim: an ice beast (68% to hit)
The puff of flame misses the ice beast.
Aiming: Throw Flame
Press: ? - help, Q - select action, (/) - cycle Shift-Dir - straight line, f/p - ice beast
Aim: an ice beast (68% to hit)
The puff of flame hits the ice beast.
The ice beast melts!
The ice beast is moderately wounded.
Aiming: Throw Flame
Press: ? - help, Q - select action, (/) - cycle Shift-Dir - straight line, f/p - ice beast
Aim: an ice beast (moderately wounded, 68% to hit)
The puff of flame hits the ice beast but does no damage.
The ice beast is moderately wounded.
Aiming: Throw Flame
Press: ? - help, Q - select action, (/) - cycle Shift-Dir - straight line, f/p - ice beast
Aim: an ice beast (moderately wounded, 68% to hit)
The puff of flame misses the ice beast.
Aiming: Throw Flame
Press: ? - help, Q - select action, (/) - cycle Shift-Dir - straight line, f/p - ice beast
Aim: an ice beast (moderately wounded, 68% to hit)
The puff of flame hits the ice beast!
The ice beast melts!
The ice beast is heavily wounded.
You hit the ice beast but do no damage.
The ice beast is heavily wounded.
The ice beast hits you. The ice beast freezes you!
You closely miss the ice beast.
The ice beast is heavily wounded.
You hit the ice beast but do no damage.
The ice beast is heavily wounded.
The ice beast hits you.
* * * LOW HITPOINT WARNING * * *
The ice beast freezes you!
You die...

.'.# )#)# #.# .#)# #.#
.#.# #.# .#.# #.# .#.#
##.### .#†# .... ..#
.#.#######+#####.#######.#
...............Y@.>...[..#
.....#####.#.#.#.#.####..#
.....# #.#.#.....# #..#
.....# #.......#.# #..#
### .....#
#.......#.####..####.#
.....#
#....................#
######
##.#####.#.##.#.#.###.#
.......#.#.##...#.# #.#
..........#.##.###.# #.#


You could see an ice beast.

Vanquished Creatures
  Sigmund (D:5)
  A water moccasin (D:6)
  A sky beast (D:5)
  An ice beast (D:6)
  A centaur (D:5)
  A phantom (D:4)
  Crazy Yiuf (D:2)
  3 jellies
  3 orc priests
  A hound (D:5)
  Ijyb (D:3)
  A gnoll bouda (D:4)
  Terence (D:3)
  2 sleepcaps (D:4)
  Natasha (thrice) (D:3)
  An iguana (D:6)
  Robin (D:3)
  3 gnolls (D:4)
  5 adders
  A worm (D:3)
  2 dart slugs
  18 orcs
  8 ball pythons
  An endoplasm (D:1)
  6 giant cockroaches
  17 goblins
  10 hobgoblins
  6 jackals
  6 kobolds
  3 quokkas
  8 bats
  4 frilled lizards
  3 rats
125 creatures vanquished.

Notes
Turn   | Place    | Note
-------+----------+-------------------------------------------
     0 | D:1      | Xrynn the Spriggan Enchanter began the quest for the Orb.
     0 | D:1      | Reached XP level 1. HP: 9/9 MP: 5/5
   144 | D:1      | Reached XP level 2. HP: 13/13 MP: 7/7
   149 | D:1      | Learned a level 2 spell: Ensorcelled Hibernation
   537 | D:1      | You fall into a shaft and drop 1 floor!
   564 | D:2      | Reached skill level 5 in Stealth
   801 | D:2      | Reached XP level 3. HP: 16/16 MP: 5/8
  1208 | D:2      | Found a runed translucent door.
  1209 | D:2      | Noticed Crazy Yiuf
  1215 | D:2      | Killed Crazy Yiuf
  1216 | D:2      | Reached XP level 4. HP: 21/21 MP: 5/10
  1351 | D:3      | Noticed Terence
  1546 | D:2      | Reached skill level 6 in Stealth
  1962 | D:3      | Reached XP level 5. HP: 24/24 MP: 11/11
  2021 | D:3      | Reached skill level 1 in Ice Magic
  2212 | D:3      | Noticed Ijyb
  2367 | D:3      | Noticed Robin
  2373 | D:3      | Killed Robin
  2423 | D:3      | Killed Ijyb
  2471 | D:3      | Reached skill level 7 in Stealth
  2687 | D:3      | Noticed Natasha
  2689 | D:3      | Killed Natasha
  2757 | D:3      | Reached XP level 6. HP: 29/29 MP: 13/13
  2830 | D:3      | Noticed Natasha
  2838 | D:3      | Killed Natasha
  2904 | D:3      | Noticed Natasha
  2948 | D:3      | Killed Terence
  3037 | D:3      | Killed Natasha
  3240 | D:4      | Reached skill level 1 in Fighting
  3469 | D:4      | Reached skill level 8 in Stealth
  3702 | D:4      | Reached XP level 7. HP: 33/33 MP: 14/14
  3936 | D:5      | Entered Level 5 of the Dungeon
  3966 | D:5      | Reached skill level 9 in Stealth
  4100 | D:5      | Reached skill level 5 in Hexes
  4143 | D:5      | Noticed Sigmund
  4150 | D:5      | Killed Sigmund
  4151 | D:5      | Reached skill level 10 in Stealth
  4151 | D:5      | Reached XP level 8. HP: 37/37 MP: 16/16
  4321 | D:5      | Found a stormy altar of Qazlal.
  4340 | D:5      | Found Enkuidd's General Store.
  4690 | D:5      | Found Kysoont's Assorted Antiques.
  4978 | D:6      | Reached skill level 5 in Spellcasting
  5220 | D:6      | Slain by an ice beast

Illustrated notes

Levels and vault maps discovered:
D:1:      grunt_arrival_lava_bath, layout_basic,
          chequers_ecumenical_altar_twisty, amcnicky_mini_pool_small,
          minmay_misc_feat_room
D:2:      kennysheep_big_flooded_room, layout_rooms, grunt_decor_cap,
          uniq_crazy_yiuf_cottage
D:3:      kennysheep_goblin_castle, layout_loops_ring, serial_bayou_pond_a,
          uniq_natasha, uniq_terence, uniq_ijyb
D:4:      layout_basic, hellmonk_no_cap
D:5:      layout_gridville, mainiacjoe_overflow_surrounded_room, serial_shops,
          shop, shop, uniq_sigmund
D:6:      layout_basic, chequers_temple_overflow_statue_of_worship,
          ashenzari_altar_1, amcnicky_mini_pool_medium

Skill      XL: |  1  2  3  4  5  6  7  8 |
---------------+-------------------------+-----
Spellcasting   | 3 4 5 |  5.4
Hexes          | 4 5 |  5.7
Stealth        | 5 6 7 8 10 | 10.7
Dodging        | 3 4 |  4.1
Ice Magic      | 1 2 |  2.4
Short Blades   | 2 3 |  3.6
Fighting       | 1 |  1.2

Action                     |  1- 3 |  4- 6 |  7- 9 || total
---------------------------+-------+-------+-------++-------
  Melee: Dagger            |    75 |   223 |    82 ||   380
         Punch             |       |     4 |     1 ||     5
   Cast: Ensorcelled Hiber |    23 |    43 |    28 ||    94
  Evoke: Wand              |       |       |     7 ||     7
   Stab: Sleeping          |    26 |    43 |    26 ||    95
         Distracted        |       |     4 |       ||     4
 Armour: Robe              |    10 |    22 |     7 ||    39
  Dodge: Dodged            |    61 |   175 |    48 ||   284
